Map: Winter's Gate LE

Players

pHARM - Winner!

  • Race: Zerg Zerg
  • League: Platinum
  • Spawn Location: 11:00

Clout

  • Race: Protoss Protoss
  • Spawn Location: 5:00

VOD

Have the link to the VOD?

Description

Time

  • Played on: Sept. 2, 2019, 6:57 p.m.
  • Length: 10:56
Show
View Real Time Build Order
Export as new Build Order

pHARM Zerg - Winner!

Build Orders: Hatch First, Roach Hydra 

Get SALT Encoding   

  12  0:03  Drone  
  13  0:14  Overlord  
  13  0:22  Drone  
  14  0:32  Drone  
  14  0:33  Drone  
  16  0:51  Hatchery  
  15  0:58  Drone x2  
  15  1:02  Drone  
  18  1:16  Spawning Pool  
  18  1:18  Drone  
  18  1:32  Drone x2  
  20  1:40  Extractor  
  20  1:44  Drone  
  20  2:01  Drone  
  21  2:07  Drone  
  21  2:08  Drone, Queen x2  
  25  2:15  Drone  
  28  2:17  Overlord  
  28  2:36  Drone x4  
  32  2:44  Pneumatized Carapace  
  32  2:46  Queen  
  34  2:51  Drone x2  
  34  2:57  Overlord  
  36  3:29  Lair  
  36  3:31  Drone  
  36  3:32  Drone x7  
  44  3:41  Overlord x2  
  44  3:47  Extractor  
  43  3:49  Extractor  
  42  4:07  Drone x8  
  50  4:17  Drone x2  
  50  4:18  Overlord x2  
  52  4:34  Overlord x2  
  52  4:42  Spore Crawler  
  52  4:43  Drone  
  52  4:45  Overlord  
  52  4:55  Evolution Chamber  
  52  4:57  Hatchery  
  50  5:01  Evolution Chamber  
  49  5:07  Roach Warren  
  48  5:21  Spore Crawler  
  47  5:28  Zerg Missile Weapons Level 1, Hydralisk Den  
  46  5:47  Drone  
  47  5:51  Glial Reconstitution  
  47  5:53  Roach x10  
  47  5:56  Overlord x4  
  62  6:20  Drone  
  62  6:21  Drone x13  
  75  6:47  Extractor  
  75  6:50  Grooved Spines  
  75  6:52  Infestation Pit  
  75  6:53  Zerg Ground Armor Level 1  
  73  7:16  Drone x11  
  73  7:19  Extractor  
  73  7:22  Extractor  
  82  7:24  Zerg Missile Weapons Level 2  
  82  7:32  Hydralisk x9  
  100  7:56  Drone x5  
  105  7:58  Overlord x3  
  105  7:59  Overlord  
  105  8:01  Muscular Augments  
  105  8:16  Hydralisk x6  
  117  8:22  Hive  
  117  8:30  Roach x2  
  117  8:31  Roach, Hydralisk x2  
  117  8:32  Hydralisk x3  
  133  9:00  Overlord x3  
  133  9:02  Roach x2  
  137  9:09  Hatchery  
  136  9:26  Hydralisk  
  136  9:27  Hydralisk x12  
  136  9:30  Overlord x4  
  126  10:07  Roach x8  
  140  10:15  Roach x4  
Show
View Real Time Build Order
Export as new Build Order

Clout Protoss 

Build Orders: 1 Gate Expand, Phoenix Opening 

Get SALT Encoding   

  12  0:01  Probe  
  13  0:13  Pylon  
  13  0:24  Probe  
  13  0:25  Pylon  
  14  0:36  Probe  
  15  0:48  Probe  
  16  0:53  Gateway  
  16  1:01  Probe  
  17  1:12  Assimilator  
  17  1:13  Probe  
  18  1:28  Nexus  
  18  1:31  Probe  
  19  1:43  Cybernetics Core  
  19  1:51  Assimilator  
  19  1:55  Pylon  
  19  2:02  Probe  
  20  2:14  Probe  
  21  2:29  Gateway  
  21  2:30  Stargate  
  21  2:32  Zealot  
  21  2:33  Probe  
  24  2:49  Shield Battery  
  24  2:52  Warp Gate  
  24  2:56  Probe  
  25  3:00  Probe  
  26  3:07  Adept  
  28  3:17  Phoenix  
  29  3:29  Probe  
  29  3:30  Probe  
  31  3:37  Twilight Council  
  31  3:40  Pylon  
  31  4:01  Gateway x2  
  31  4:09  Resonating Glaives  
  31  4:15  Void Ray  
  31  4:26  Robotics Facility  
  35  4:45  Pylon  
  35  4:47  Pylon  
  35  5:09  Immortal  
  39  5:21  Adept  
  39  5:22  Adept x3  
  47  5:45  Adept x3  
  47  5:47  Immortal, Probe  
  58  6:18  Immortal  
  54  6:25  Adept x4  
  60  6:34  Probe x2  
  62  6:46  Probe x2  
  64  6:49  Gateway  
  64  6:54  Sentry  
  66  6:55  Sentry  
  66  6:58  Probe  
  69  7:06  Pylon  
  69  7:08  Pylon  
  69  7:10  Assimilator  
  69  7:13  Assimilator  
  69  7:22  Immortal  
  69  7:32  Probe  
  69  7:34  Probe  
  75  7:44  Void Ray  
  75  7:47  Probe  
  75  7:49  Probe  
  81  7:59  Probe  
  81  8:00  Warp Prism  
  81  8:01  Probe  
  81  8:04  Charge  
  85  8:10  Forge  
  85  8:11  Probe  
  86  8:26  Pylon  
  86  8:28  Pylon  
  86  8:44  Probe x2  
  86  8:45  Zealot  
  90  8:53  Immortal, Pylon  
  90  8:54  Pylon  
  94  8:56  Pylon  
  94  9:17  Adept x5  
  104  9:33  Observer  
  103  9:46  Zealot  
  103  9:47  Zealot x4  
  77  10:06  Immortal  
Tags
 
Add a new tag
Caveats
  • Supply blocks, unpowered buildings, or Contaminate may cause inaccurate times.
  • Supply counts are checked every 10 seconds.